 Dungeon Crawl Stone Soup version 0.17.2 (webtiles) character file.

439 Goblin1989 the Firebug (level 7, 0/36 HPs)
             Began as a Gargoyle Fire Elementalist on July 16, 2016.
             Was an Initiate of Gozag.
             Slain by a hound skeleton (3 damage)
             ... on level 4 of the Dungeon on July 17, 2016.
             The game lasted 00:28:06 (5098 turns).

Goblin1989 the Firebug (Gargoyle Fire Elementalist) Turns: 5098, Time: 00:28:06

Health: 0/36       AC: 13    Str: 11    XL:     7   Next: 1%
Magic:  12/12      EV: 11    Int: 18    God:    Gozag
Gold:   326        SH:  0    Dex: 10    Spells: 4 memorised, 2 levels left

rFire  + . .     SeeInvis .     a - +0 short sword (speed)
rCold  . . .     Clarity  +     y - +3 leather armour
rNeg   + . .     SustAt   .     (no shield)
rPois  ∞         Gourm    .     q - +0 helmet
rElec  +         Spirit   .     e - +0 cloak
rCorr  .         Warding  .     u - +0 pair of gloves
rMut   .         Stasis   .     (no boots)
MR     .....                    z - amulet of clarity
Stlth  ++........               (no ring)
                                x - ring of protection from fire

@: not resistant to hostile enchantments, unstealthy
A: negative energy resistance 1, electricity resistance, unbreathing,
petrification resistance, rot immunity, AC +4
a: Potion Petition, Call Merchant, Bribe Branch, Renounce Religion


You were on level 4 of the Dungeon.
You worshipped Gozag.
Gozag was noncommittal.
You were not hungry.

You visited 1 branch of the dungeon, and saw 4 of its levels.

You collected 361 gold pieces.
You paid 35 gold pieces to Gozag.

Inventory:

Hand Weapons
 a - a +0 short sword of speed (weapon)
 b - a +0 hunting sling
 g - a cursed -1 whip
 A - a +0 quarterstaff
Missiles
 m - 195 stones (quivered)
 B - 61 sling bullets
Armour
 e - a +0 cloak (worn)
 q - a +0 helmet (worn)
 u - a +0 pair of gloves (worn)
 y - a +3 leather armour (worn)
Jewellery
 x - a ring of protection from fire (left hand)
 z - an amulet of clarity (around neck)
Wands
 C - a wand of polymorph (13)
Scrolls
 h - a scroll of noise {unknown}
 i - 2 scrolls of identify {unknown}
 j - 2 scrolls of fog {unknown}
 l - a scroll of teleportation {unknown}
 o - a scroll of amnesia {unknown}
 p - a scroll of enchant armour {unknown}
 r - 3 scrolls of remove curse {unknown}
 v - a scroll of immolation {unknown}
Potions
 f - a potion of flight {unknown}
 k - a potion of haste {unknown}
 n - 3 potions of heal wounds {unknown}
 s - 3 potions of lignification {unknown}
 w - 3 potions of might {unknown}
Books
 d - a book of Flames

   Spells                             Type                      Level
   a - Flame Tongue                   Conjuration/Fire             1
   b - Throw Flame                    Conjuration/Fire             2
   c - Conjure Flame                  Conjuration/Fire             3
   d - Inner Flame                    Hexes/Fire                   3
   e - Sticky Flame                   Conjuration/Fire             4
   f - Fireball                       Conjuration/Fire             5
Comestibles
 c - 3 bread rations
 t - a meat ration


   Skills:
 - Level 1.5 Dodging
 - Level 2.1 Stealth
 + Level 3.6 Spellcasting
 * Level 5.0 Conjurations
 * Level 5.0 Fire Magic


You had 2 spell levels left.
You knew the following spells:

 Your Spells              Type           Power        Failure   Level  Hunger
a - Flame Tongue          Conj/Fire      ###..        2%          1    None
b - Conjure Flame         Conj/Fire      ###.....     10%         3    ###....
c - Inner Flame           Hex/Fire       ##......     24%         3    ###....
d - Sticky Flame          Conj/Fire      ###.....     30%         4    ####...


Dungeon Overview and Level Annotations

Branches:
Dungeon (4/15)
 Temple: D:4-7

Altars:
Dithmenos
Elyvilon
Gozag
Nemelex Xobeh
Yredelemnul


Innate Abilities, Weirdness & Mutations

You are resistant to torment.
Your stone body is resilient (AC +4).
You are immune to poison.
You resist negative energy.
You are resistant to electric shocks.
You can survive without breathing.
You are immune to petrification.
You are immune to rotting.


Message History

The hound skeleton closely misses you.
The hound skeleton bites you but does no damage.
The hound skeleton closely misses you.
The hound skeleton bites you but does no damage.
The hound skeleton misses you.
The hound skeleton bites you but does no damage.
MP restored: 12 The hound skeleton bites you.
* * * LOW HITPOINT WARNING * * *
You take 3 damage, and have 2/36 hp.
The hound skeleton bites you but does no damage.
The hound skeleton barely misses you.
The hound skeleton bites you but does no damage.
Your magical contamination has completely faded away.
The hound skeleton bites you but does no damage.
The hound skeleton bites you but does no damage.
The hound skeleton closely misses you. The hound skeleton bites you.
You die...
Your body crumbles into a pile of gold.

#.# #§§...##.#.......
####.# #####..##...###
.. .....# #.#.#..##
###### #....#.# #
########.####.# #
#...).........# #
#.######O####... # #Z#
# #@# # ###.### #
#.....# ## #
.####.....##...
#########..........)..#
...[..>.######.....####
#######.######.....#
#..).......###
############


You could see an ogre and a hound skeleton.

Vanquished Creatures
  A crimson imp (D:3)
  An orc priest (D:3)
  2 orc wizards (D:4)
  A hound (D:3)
  A centaur skeleton (D:4)
  Jessica (D:2)
  Robin (D:1)
  5 gnolls
  7 adders
  4 worms
  4 giant geckos
  8 orcs
  10 bats
  3 giant cockroaches
  16 goblins
  7 hobgoblins
  10 jackals
  10 kobolds
  A quokka (D:3)
  8 giant newts
  7 rats
108 creatures vanquished.

Notes
Turn   | Place    | Note
--------------------------------------------------------------
     0 | D:1      | Goblin1989 the Gargoyle Fire Elementalist began the quest for the Orb.
     0 | D:1      | Reached XP level 1. HP: 10/10 MP: 3/3
   137 | D:1      | Reached XP level 2. HP: 15/15 MP: 1/5
   709 | D:1      | Reached XP level 3. HP: 19/19 MP: 3/6
  1176 | D:2      | Learned a level 3 spell: Conjure Flame
  1190 | D:2      | Noticed Robin
  1282 | D:1      | Killed Robin
  1355 | D:2      | Reached XP level 4. HP: 24/24 MP: 2/7
  1382 | D:2      | Learned a level 3 spell: Inner Flame
  1615 | D:2      | Noticed Jessica
  2128 | D:2      | Killed Jessica
  2128 | D:2      | Reached skill level 4 in Fire Magic
  2128 | D:2      | Reached XP level 5. HP: 25/28 MP: 1/9
  2130 | D:2      | Found a white marble altar of Elyvilon.
  2843 | D:3      | Found a sparkling altar of Nemelex Xobeh.
  2843 | D:3      | Found an opulent altar of Gozag.
  2849 | D:3      | Became a worshipper of Gozag Ym Sagoz the Greedy
  3439 | D:3      | Reached XP level 6. HP: 32/32 MP: 7/11
  3748 | D:3      | Learned a level 4 spell: Sticky Flame
  4171 | D:3      | Noticed a phantom
  4838 | D:4      | Found a basalt altar of Yredelemnul.
  4840 | D:4      | Found a shadowy altar of Dithmenos.
  4911 | D:4      | Reached skill level 5 in Conjurations
  4911 | D:4      | Reached skill level 5 in Fire Magic
  4911 | D:4      | Reached XP level 7. HP: 33/36 MP: 1/12
  5053 | D:4      | HP: 1/36 [ogre/giant club (14)]
  5098 | D:4      | Slain by a hound skeleton

Action                   |  1- 3 |  4- 6 |  7- 9 || total
-------------------------+-------+-------+-------++-------
Melee: Unarmed           |    21 |       |       ||    21
       Short sword       |       |    73 |     9 ||    82
 Fire: Hunting sling     |       |     5 |       ||     5
 Cast: Flame Tongue      |    61 |   163 |     5 ||   229
       Conjure Flame     |       |     6 |       ||     6
       Inner Flame       |       |     2 |       ||     2
  Eat: Chunk             |     2 |     6 |       ||     8
       Fruit             |       |     2 |       ||     2
       Meat ration       |       |     1 |       ||     1
